 Dungeon Crawl Stone Soup version 0.22.0-32-gbc6daba (webtiles) character file.

1347 iamserjio the Grappler (level 8, 9/74 HPs)
             Began as a Troll Fighter on Aug 23, 2018.
             Was an Initiate of Cheibriados.
             Quit the game on level 7 of the Dungeon.
             The game lasted 00:11:05 (1387 turns).

iamserjio the Grappler (Troll Fighter)              Turns: 1387, Time: 00:11:05

Health: 9/74       AC:  7    Str: 26    XL:     8   Next: 36%
Magic:  7/7        EV:  5    Int:  7    God:    Cheibriados [......]
Gold:   194        SH:  0    Dex: 10    Spells: 7/7 levels left

rFire    + . .     SeeInvis .     - Unarmed
rCold    . . .     Gourm    +   b - +0 shield
rNeg     . . .     Faith    .   q - +2 robe {rF+}
rPois    .         Spirit   .   (helmet restricted)
rElec    .         Reflect  .   (no cloak)
rCorr    .         Harm     .   (gloves unavailable)
MR       .....                  (boots unavailable)
Stlth    +.........             (no amulet)
HPRegen  0.62/turn              (no ring)
MPRegen  0.10/turn              (no ring)

@: held, very slow
A: large, unfitting armour, claws 3, fast metabolism 3, gourmand, regeneration
1, shaggy fur 1, tough skin 2
a: Bend Time, Renounce Religion


You were on level 7 of the Dungeon.
You worshipped Cheibriados.
Cheibriados was noncommittal.
You were full.

You visited 2 branches of the dungeon, and saw 8 of its levels.

You collected 194 gold pieces.

Inventory:

Hand Weapons
 p - a +0 flail of protection
Armour
 a - a +0 robe
 b - a +0 shield (worn)
 q - a +2 robe of fire resistance (worn)
Scrolls
 e - 3 scrolls of remove curse {@r2}
 h - a scroll of teleportation
 i - a scroll of amnesia
 m - a scroll of fog
Potions
 k - a potion of brilliance
 l - a potion of curing {@q1}
 n - 2 potions of haste
Comestibles
 d - 7 rations


   Skills:
 - Level 2.4 Fighting
 - Level 2.4 Dodging
 + Level 5.5 Shields
 * Level 8.6 Unarmed Combat


You had 7 spell levels left.
You didn't know any spells.
Your spell library was empty.

Dungeon Overview and Level Annotations

Branches:
Dungeon (7/15)             Temple (1/1) D:7

Altars:
Ashenzari
Cheibriados
Dithmenos
Fedhas
Gozag
Hepliaklqana
Kikubaaqudgha
Okawaru
Vehumet
Wu Jian
Xom
Yredelemnul

Annotations:
D:7 Dowan, Harold


Innate Abilities, Weirdness & Mutations

You are too large for most types of armour.
You have claws for hands.
Your metabolism is lightning-fast.
You like to eat raw meat.
Your natural rate of healing is unusually fast.
You are covered in fur. (AC +1)
You have very tough skin. (AC +2)


Message History

The bullfrog hits you.
Harold throws a throwing net.
The throwing net hits you.
You become entangled in the net!
The orc warrior hits you with a halberd!
* * * LOW HITPOINT WARNING * * *
The orc priest invokes the aid of Beogh against you.
Beogh smites you!
* * * LOW HITPOINT WARNING * * *
The bullfrog hits you.
* * * LOW HITPOINT WARNING * * *
There is a staircase to the Ecumenical Temple, spattered with blood here.
You see here a throwing net {!f}.
You struggle against the net.
The bullfrog hits you.
* * * LOW HITPOINT WARNING * * *
The adder bites you but does no damage.
Dowan, Brother of Duvessa comes into view.
He is wielding a dagger.
The orc warrior hits you with a halberd!
* * * LOW HITPOINT WARNING * * *
Okay, then.
Unknown command.
Are you sure you want to abandon this character and quit the game? (Confirm with "yes".)

#..........##***,,,,,,*,,,
#...........,,,*,*,**,*,,,
#..........#**,+,*,*,,+,,,
#..........# *,+,,*,*,+,,,
#..........# ***,**,*,*,,,
#..........# *,,,,,,**,*
#......#.8.## ***++****,*
#...?...F...# *,,* *,*
#####.#8.@S8## **,** *,*
#.#..ho..##**,,* *,,
#####.##.8o#.H...,** **,
#.......####*##.### **,
#.....@o# *,e.######%.
#......o#########..#.....,
#.......#..<.S@.gh...#**,,
#)....o...########..##,,,,
*#.......### ##(#***++


You could see Harold, a hippogriff, an orc warrior, Dowan, a bullfrog, an orc
priest, an adder, 3 orcs and a jackal.

Vanquished Creatures
  Menkaure (D:4)
  Edmund (D:6)
  4 ogres
  Blork the orc (D:6)
  2 bullfrogs
  A howler monkey (D:4)
  A jelly (D:6)
  An orc priest (D:7)
  2 hounds
  2 iguanas
  An orc wizard (D:5)
  Natasha (twice) (D:4)
  4 worker ants
  A worker ant zombie (D:5)
  5 gnolls (Temple)
  A howler monkey skeleton (D:4)
  8 adders
  A worm (D:2)
  A dart slug (D:1)
  A leopard gecko (D:1)
  10 orcs
  2 ball pythons (D:2)
  5 goblins
  7 hobgoblins
  7 jackals
  A quokka (D:4)
  3 bats
  3 frilled lizards
  2 kobolds
  A rat (D:2)
82 creatures vanquished.

Notes
Turn   | Place    | Note
-------+----------+-------------------------------------------
     0 | D:1      | iamserjio the Troll Fighter began the quest for the Orb.
     0 | D:1      | Reached XP level 1. HP: 22/22 MP: 0/0
    93 | D:2      | Reached XP level 2. HP: 16/29 MP: 1/1
   180 | D:1      | Reached skill level 3 in Unarmed Combat
   186 | D:1      | Reached XP level 3. HP: 36/36 MP: 2/2
   356 | D:3      | Reached XP level 4. HP: 35/44 MP: 3/3
   378 | D:4      | Noticed Menkaure
   425 | D:3      | You fall through a shaft for 2 floors!
   425 | D:5      | Entered Level 5 of the Dungeon
   446 | D:4      | Noticed Natasha
   450 | D:4      | Killed Natasha
   450 | D:4      | Reached skill level 4 in Unarmed Combat
   451 | D:4      | Noticed an ogre
   460 | D:4      | Killed an ogre
   460 | D:4      | Reached XP level 5. HP: 37/50 MP: 4/4
   464 | D:4      | Killed Menkaure
   464 | D:4      | Reached skill level 5 in Unarmed Combat
   464 | D:4      | Reached XP level 6. HP: 38/59 MP: 5/5
   581 | D:4      | Noticed Natasha
   592 | D:4      | Reached skill level 6 in Unarmed Combat
   596 | D:4      | Killed Natasha
   655 | D:4      | Reached XP level 7. HP: 42/66 MP: 6/6
   893 | D:4      | Reached skill level 7 in Unarmed Combat
  1007 | D:6      | Noticed Edmund
  1007 | D:6      | Noticed Blork the orc
  1026 | D:6      | Killed Edmund
  1029 | D:6      | Reached skill level 5 in Shields
  1036 | D:6      | Killed Blork the orc
  1036 | D:6      | Reached XP level 8. HP: 35/74 MP: 7/7
  1066 | D:6      | Reached skill level 8 in Unarmed Combat
  1181 | D:7      | Noticed Harold
  1195 | D:7      | Found a staircase to the Ecumenical Temple.
  1206 | Temple   | Entered the Ecumenical Temple
  1213 | Temple   | HP: 1/74 [gnoll/club (9)]
  1299 | Temple   | Became a worshipper of Cheibriados the Contemplative
  1325 | D:7      | Noticed a hippogriff
  1386 | D:7      | Noticed Dowan
  1387 | D:7      | Quit the game

Skill      XL: |  1  2  3  4  5  6  7  8 |
---------------+-------------------------+-----
Unarmed Combat | 3 4 5 6 7 8 |  8.6
Shields        | 3 4 5 |  5.5
Fighting       | |  2.4
Dodging        | |  2.4

Action                   |  1- 3 |  4- 6 |  7- 9 || total
-------------------------+-------+-------+-------++-------
Melee: Unarmed           |    79 |    60 |   130 ||   269
  Use: Potion            |       |     1 |     7 ||     8
       Scroll            |       |       |     6 ||     6
 Stab: Sleeping          |     1 |       |       ||     1
  Eat: Chunk             |       |     8 |     7 ||    15
Armor: Robe              |    23 |     7 |    40 ||    70
       Skin              |       |       |     8 ||     8
Dodge: Dodged            |    28 |    10 |    54 ||    92
Block: Shield            |    38 |    24 |    76 ||   138
